 Dungeon Crawl Stone Soup version 0.30-a0-626-gd6a5dd7a1f (webtiles) character file.

Game seed: 17173822060752730666

131539 Foxy the Spry (level 17, -6/108 HPs)
             Began as a Kobold Brigand on Jan 11, 2023.
             Was the Champion of Dithmenos.
             Mangled by a cyan very ugly thing (26 damage)
             ... on level 3 of the Abyss.
             The game lasted 01:02:29 (26334 turns).

Foxy the Spry (Kobold Brigand)                     Turns: 26334, Time: 01:02:30

Health: -6/108     AC: 10    Str:  9    XL:     17   Next: 67%
Magic:  11/24      EV: 34    Int: 17    God:    Dithmenos [******]
Gold:   1571       SH:  0    Dex: 25    Spells: 21/26 levels left

rFire   + . .      SeeInvis .    b - +3 rapier (elec)
rCold   . . .      Faith    .    (no shield)
rNeg    . . .      Spirit   .    h - +1 troll leather armour {Snorg}
rPois   .          Reflect  .    c - +1 hat
rElec   .          Harm     .    O - scarf {repulsion}
rCorr   .          Rampage  .    P - +0 pair of gloves
Will    +....                    I - +2 pair of boots Stlth ****++++++
                                 n - amulet of magic regeneration
HPRegen 1.18/turn                z - +6 ring of dexterity
MPRegen 0.59/turn                A - +5 ring of evasion

@: confusing by touch, wreathed by umbra, repel missiles
A: small, no large weapons, nightstalker 3, fire resistance 1
a: Renounce Religion, Shadow Step, Shadow Form


You were on level 3 of the Abyss.
You worshipped Dithmenos.
Dithmenos was exalted by your worship.
You visited 3 branches of the dungeon, and saw 20 of its levels.
You visited the Abyss 1 time.
You also visited: Bailey, Ice Cave and Volcano.

You collected 1622 gold pieces.
You spent 51 gold pieces at shops.

Inventory:

Hand Weapons
 b - a +3 rapier of electrocution (weapon)
 S - a +0 quick blade of holy wrath
Missiles
 d - 30 poisoned darts
 e - 3 curare-tipped darts (quivered)
 H - 2 boomerangs of dispersal
Armour
 c - a +1 hat (worn)
 f - a +1 kite shield of cold resistance
 h - a +1 troll leather armour (worn) {Snorg}
 E - a +1 cloak of fire resistance
 I - a +2 pair of boots (worn)
 O - a scarf of repulsion (worn)
 P - a +0 pair of gloves (worn)
 R - +0 acid dragon scales
Jewellery
 n - an amulet of magic regeneration (around neck)
 q - a ring of see invisible
 r - a ring of protection from fire
 z - a +6 ring of dexterity (left hand)
 A - a +5 ring of evasion (right hand)
 F - a ring of ice
Wands
 a - a wand of flame (36)
 i - a wand of acid (9)
 m - a wand of roots (16)
 o - a wand of charming (10)
 p - a wand of mindburst (10)
Scrolls
 j - 8 scrolls of teleportation
 l - 2 scrolls of butterflies
 u - 2 scrolls of torment
 w - 7 scrolls of fog
 x - 3 scrolls of poison
 y - a scroll of identify
 G - 3 scrolls of fear
 L - 4 scrolls of magic mapping
 M - 2 scrolls of immolation
 U - a scroll of blinking
 V - 10 scrolls of vulnerability
 Z - a scroll of amnesia
Potions
 g - 8 potions of brilliance
 k - 4 potions of heal wounds
 s - 5 potions of lignification
 t - a potion of magic
 v - 6 potions of flight {unknown}
 B - 4 potions of might
 C - 8 potions of berserk rage {unknown}
 J - 3 potions of cancellation {unknown}
 K - 2 potions of haste
 N - 3 potions of resistance {unknown}
 Q - 5 potions of mutation
 T - 3 potions of curing
 W - 2 potions of ambrosia
 X - a potion of invisibility
 Y - 3 potions of attraction
Miscellaneous
 D - a lightning rod (4/4)


   Skills:
 + Level 13.0 Fighting
 - Level 14.0 Short Blades
 - Level 2.1 Throwing
 + Level 15.6 Dodging
 - Level 15.0 Stealth
 - Level 5.0 Spellcasting
 - Level 15.0 Hexes
 - Level 10.0 Invocations
 - Level 5.0 Evocations


You had 21 spell levels left.
You knew the following spells:

 Your Spells              Type           Power      Damage    Failure   Level
a - Ensorcelled Hibernat  Hex/Ice        58%        N/A       1%          2
b - Confusing Touch       Hex            53%        N/A       1%          3

Your spell library contained the following spells:

 Spells                   Type           Power      Damage    Failure   Level
 Slow                     Hex            100%       N/A       1%          1
 Dazzling Flash           Conj/Hex       58%        N/A       2%          3
 Summon Guardian Golem    Hex/Summ       29%        N/A       2%          3
 Anguish                  Hex/Necr       14%        N/A       9%          4
 Freeze                   Ice            16%        1d4       21%         1
 Necrotise                Necr           16%        1d4       21%         1
 Sandblast                Erth           8%         2d5       21%         1
 Metabolic Englaciation   Hex/Ice        14%        N/A       26%         5
 Silence                  Hex/Air        14%        N/A       26%         5
 Blink                    Tloc           8%         N/A       30%         2
 Cigotuvi's Dreadful Rot  Necr/Pois/Air  8%         N/A       30%         2
 Momentum Strike          Conj/Tloc      8%         3d8       30%         2
 Passwall                 Tmut/Erth      3%         N/A       30%         2
 Poisonous Vapours        Pois/Air       8%         N/A       30%         2
 Frozen Ramparts          Ice            8%         1d2       52%         3
 Gell's Gravitas          Tloc           4%         N/A       52%         3
 Hailstorm                Conj/Ice       4%         3d4       52%         3
 Ignite Poison            Fire/Tmut/Pois 4%         N/A       52%         3
 Kindle Blastsparks       Fire/Tloc/Air  8%         2d10      52%         3
 Lesser Beckoning         Tloc           8%         N/A       52%         3
 Mephitic Cloud           Conj/Pois/Air  4%         N/A       52%         3
 Ozocubu's Armour         Ice            4%         N/A       52%         3
 Spider Form              Tmut/Pois      4%         N/A       52%         3
 Stone Arrow              Conj/Erth      8%         3d7       52%         3
 Teleport Other           Tloc           4%         N/A       52%         3
 Vampiric Draining        Necr           4%         2d6       52%         3
 Animate Armour           Summ/Erth      8%         N/A       89%         4
 Agony                    Necr           4%         N/A       99%         5
 Fireball                 Conj/Fire      2%         3d4       99%         5
 Freezing Cloud           Conj/Ice/Air   2%         6-21      99%         5
 Iskenderun's Battlesphe  Conj           4%         2d6       99%         5
 Conjure Ball Lightning   Conj/Air       2%         3x3d6     100%        6
 Dispersal                Tloc           2%         N/A       100%        6
 Simulacrum               Ice/Necr       2%         N/A       100%        6
 Orb of Destruction       Conj           2%         9d5       100%        7
 Spellforged Servitor     Conj/Summ      2%         N/A       100%        7
 Lehudib's Crystal Spear  Conj/Erth      2%         10d2      100%        8


Dungeon Overview and Level Annotations

Branches:
Dungeon (14/15)            Temple (1/1) D:7            Lair (5/5) D:11
  Swamp (0/4) Lair:3        Snake (0/4) Lair:2        Slime (0/5) Lair:4
    Orc (0/2) D:12         Vaults (0/5) D:14         Bailey (visited)
  IceCv (visited)         Volcano (visited)

Altars:
Cheibriados
Dithmenos
Nemelex Xobeh
Qazlal
Vehumet
Wu Jian
Xom
Zin

Shops:
D:6 (   D:10 (   D:12 !

Annotations:
D:3 3 runed translucent doors
D:13 exclusion: downstairs
D:14 Agnes, Louise


Innate Abilities, Weirdness & Mutations

You are small and have problems with some larger weapons.
You are completely attuned to the shadows.
Your flesh is heat resistant. (rF+)


Message History

The raiju completely misses you.
You hit the raiju but do no damage.
The raiju appears confused.
Your shadow hits the raiju but does no damage.
You closely miss the raiju.
Your shadow hits the raiju but does no damage.
You barely miss the raiju. The raiju completely misses you.
You hit the raiju.
The raiju is lightly wounded.
You completely miss the raiju.
The raiju is lightly wounded.
Your shadow hits the raiju with a rapier.
A raiju comes into view.
You barely miss the raiju.
The raiju is moderately wounded.
The raiju completely misses you.
The raiju bites the raiju.
The raiju shocks the raiju.
The raiju completely resists.
The raiju barks!
The cyan very ugly thing gurgles horribly!
There is an open door here.
You see here a very ugly thing corpse.
Casting: Confusing Touch (safe; 1% risk of failure)
Confirm with . or Enter, or press ? or * to list all spells.
Aiming: Ensorcelled Hibernation (safe; 1% risk of failure)
Press: ? - help, Shift-Dir - straight line, f - cyan very ugly thing
Aim: a cyan very ugly thing (black smoke, umbra, chance to affect: 41%)
Okay, then.
Casting: Ensorcelled Hibernation (safe; 1% risk of failure)
Confirm with . or Enter, or press ? or * to list all spells.
Your hands begin to glow red.
The raiju bursts into living lightning!
The living lightning misses the cyan very ugly thing.
The living lightning misses you.
The raiju blinks! x3
The cyan very ugly thing stings you!! The cyan very ugly thing shocks you!!
* * * LOW HITPOINT WARNING * * *
You emit a cloud of dark smoke.
The cyan very ugly thing attacks as you move away!
The cyan very ugly thing stings you!
* * * LOW HITPOINT WARNING * * *
The cyan very ugly thing shocks you!!
You die...

# . #
## .
#... .
.....#
.hh# .
##'#§ #
###h.##
. +#
#§uh.)+
X #
#@##.)#
'
#§§#§##
#§§§§#
. #####
#


You could see a cyan very ugly thing and 3 raiju.

Vanquished Creatures
  A tentacled starspawn (Abyss:3)
  A caustic shrike zombie (Abyss:3)
  2 very ugly things (Abyss:3)
  2 lorocyprocas (Abyss:3)
  Snorg (D:14)
  2 fire dragons
  2 vault guards (Bailey)
  9 hydras
  3 centaur warriors
  2 catoblepae
  3 boulder beetles (D:11)
  5 two-headed ogres
  2 ironbound frosthearts (IceCv)
  A dancing weapon (Abyss:3)
  8 death yaks
  A death knight (D:13)
  Urug (Lair:2)
  Nergalle (Lair:2)
  2 thrashing horrors (Abyss:3)
  A shadow wraith (D:14)
  4 skeletal warriors
  A deep troll (D:14)
  3 wizards
  2 deep elf pyromancers
  An orc knight (D:12)
  7 lindwurms
  3 necromancers (Abyss:3)
  5 ugly things
  4 cyclopes
  4 oklob plants (Lair:4)
  A manticore (D:14)
  8 elephants
  Maurice (D:8)
  5 black mambas
  An ice statue (IceCv)
  18 cane toads
  2 molten gargoyles (Lair:5)
  A gargoyle (D:12)
  2 smoke demons
  2 kobold demonologists
  3 rime drakes
  8 komodo dragons
  A freezing wraith (D:13)
  2 ice devils (Lair:4)
  3 meliai (D:13)
  A tyrant leech (Lair:3)
  11 polar bears
  4 trolls
  3 hornets
  A tarantella (shapeshifter) (D:14)
  10 blink frogs
  Grinder (D:4)
  2 blink frogs (shapeshifter)
  Prince Ribbit (Bailey)
  10 slime creatures
  An air elemental (Abyss:3)
  5 wyverns
  85 yaks
  3 wraiths
  A human (shapeshifter) (D:14)
  8 vampire mosquitoes
  5 humans (Bailey)
  7 basilisks
  A neqoxec (Abyss:3)
  8 steam dragons
  2 nagas (Lair:2)
  A swamp worm (Lair:3)
  A large abomination (Abyss:3)
  2 acid dragons
  6 hell hounds
  10 water moccasins
  A floating eye (shapeshifter) (Abyss:3)
  A swamp drake (D:11)
  An ice beast (D:6)
  8 orc warriors
  3 black bears
  5 centaurs
  2 ogres
  28 wolves
  2 phantoms (D:5)
  4 kobold brigands
  A necrophage (D:6)
  A scorpion (D:7)
  28 bullfrogs
  13 wights
  15 killer bees
  A vampire bat (D:3)
  6 howler monkeys
  5 lava snakes (Lair:5)
  7 orc priests
  3 hounds
  2 jellies
  5 iguanas
  13 orc wizards
  5 hell rats (Lair:5)
  8 gnolls
  8 adders
  A white imp (D:6)
  An ufetubus (D:5)
  3 worms
  3 dart slugs
  2 fire bats (D:3)
  37 orcs
  A spectral bat (D:3)
  13 bats
  3 bat skeletons (D:3)
  A bat zombie (D:3)
  4 endoplasms
  3 giant cockroaches
  4 hobgoblins
  4 jackals (D:2)
  6 quokkas
  6 ball pythons
  A bat simulacrum (D:3)
  3 frilled lizards
  7 goblins
  15 kobolds
  4 rats
630 creatures vanquished.

Vanquished Creatures (others)
  2 hell hounds (Lair:5)
  A bullfrog (D:8)
  A jelly (Abyss:3)
  7 fungi (Lair:5)
  20 plants
  5 starspawn tentacles (Abyss:3)
36 creatures vanquished.

Grand Total: 666 creatures vanquished

Notes
Turn   | Place    | Note
-------+----------+-------------------------------------------
     0 | D:1      | Foxy the Kobold Brigand began the quest for the Orb.
     0 | D:1      | Reached XP level 1. HP: 12/12 MP: 1/1
    22 | D:1      | Found a faded altar of an unknown god.
   192 | D:1      | Reached XP level 2. HP: 18/18 MP: 2/2
  1006 | D:2      | Reached XP level 3. HP: 22/22 MP: 3/3
  1016 | D:2      | Learned a level 2 spell: Ensorcelled Hibernation
  1109 | D:2      | Reached XP level 4. HP: 27/27 MP: 4/4
  1695 | D:3      | Noticed a necrophage
  1696 | D:3      | Found a runed translucent gate.
  1713 | D:3      | Found a runed translucent gate.
  1714 | D:3      | Found a runed translucent gate.
  2565 | D:3      | Reached XP level 5. HP: 31/32 MP: 5/5
  2609 | D:3      | Reached skill level 5 in Short Blades
  2618 | D:3      | Reached XP level 6. HP: 25/37 MP: 6/6
  2946 | D:4      | Noticed a black bear
  2961 | D:4      | Killed a black bear
  2962 | D:4      | Reached skill level 1 in Spellcasting
  3195 | D:4      | Reached skill level 1 in Hexes
  3416 | D:4      | Noticed Grinder
  3430 | D:4      | Killed Grinder
  3431 | D:4      | Reached XP level 7. HP: 42/42 MP: 9/9
  4033 | D:5      | Entered Level 5 of the Dungeon
  4191 | D:5      | Reached XP level 8. HP: 48/48 MP: 11/11
  4359 | D:5      | Found a radiant altar of Vehumet.
  5018 | D:6      | Found a stormy altar of Qazlal.
  5314 | D:6      | Reached XP level 9. HP: 10/53 MP: 12/12
  5700 | D:6      | Found a sparkling altar of Nemelex Xobeh.
  5734 | D:6      | Found Qefuxuco's Weapon Emporium.
  5738 | D:6      | Reached skill level 5 in Dodging
  5821 | D:5      | Reached skill level 5 in Fighting
  6196 | D:7      | Found a staircase to the Ecumenical Temple.
  6200 | Temple   | Entered the Ecumenical Temple
  6223 | Temple   | Became a worshipper of Dithmenos the Shadowed
  6275 | D:7      | Gained mutation: You are partially covered in iridescent
                  | scales. (AC +2) [potion of mutation]
  6275 | D:7      | Lost mutation: You are partially covered in iridescent
                  | scales. (AC +2) [potion of mutation]
  6275 | D:7      | Gained mutation: Your flesh is heat resistant. (rF+)
                  | [potion of mutation]
  6365 | D:7      | Reached skill level 5 in Hexes
  6575 | D:7      | Found an ornate altar of the Wu Jian Council.
  7192 | D:7      | Reached XP level 10. HP: 42/60 MP: 13/13
  7230 | D:7      | Reached * piety under Dithmenos
  7841 | D:8      | Reached skill level 10 in Short Blades
  7904 | D:8      | Found a flagged portal.
  7924 | Bailey   | Entered a bailey
  8342 | Bailey   | Reached skill level 10 in Stealth
  8365 | Bailey   | Reached ** piety under Dithmenos
  8396 | Bailey   | Noticed a vault guard
  8405 | Bailey   | Noticed Prince Ribbit
  8432 | Bailey   | Killed Prince Ribbit
  8446 | Bailey   | Killed a vault guard
  8447 | Bailey   | Reached XP level 11. HP: 17/68 MP: 14/14
  8665 | Bailey   | Noticed a vault guard
  8751 | Bailey   | Killed a vault guard
 10046 | D:8      | Learned a level 3 spell: Confusing Touch
 10050 | D:8      | Noticed Maurice
 10054 | D:8      | Killed Maurice
 10513 | D:9      | Found a snail-covered altar of Cheibriados.
 10722 | D:9      | Reached *** piety under Dithmenos
 11546 | D:9      | Noticed a soul eater
 11812 | D:9      | Reached XP level 12. HP: 76/77 MP: 16/16
 11909 | D:10     | Entered Level 10 of the Dungeon
 12062 | D:10     | Noticed a two-headed ogre
 12066 | D:10     | Killed a two-headed ogre
 12321 | D:10     | Reached skill level 10 in Fighting
 12433 | D:10     | Found Guixacurr's Antique Weapon Shop.
 13186 | D:11     | Reached skill level 10 in Hexes
 13193 | D:11     | Noticed a boulder beetle
 13203 | D:11     | Killed a boulder beetle
 13361 | D:11     | Noticed a two-headed ogre
 13367 | D:11     | Killed a two-headed ogre
 13368 | D:11     | Reached skill level 10 in Dodging
 13385 | D:11     | Upgraded the game from 0.30-a0-622-gddc90eaa04 to
                  | 0.30-a0-626-gd6a5dd7a1f
 13419 | D:11     | Noticed a boulder beetle
 13444 | D:11     | Killed a boulder beetle
 13462 | D:11     | Found a staircase to the Lair.
 13703 | D:11     | Reached **** piety under Dithmenos
 13853 | D:11     | Noticed a boulder beetle
 13857 | D:11     | Killed a boulder beetle
 14246 | D:12     | Noticed a two-headed ogre
 14250 | D:12     | Killed a two-headed ogre
 14288 | D:12     | Reached XP level 13. HP: 82/82 MP: 17/17
 14709 | D:12     | Found Sacueg's Distillery.
 14714 | D:12     | Bought a potion of attraction for 51 gold pieces
 14759 | D:12     | Reached skill level 15 in Stealth
 15170 | D:12     | Found a staircase to the Orcish Mines.
 15382 | D:13     | Noticed a catoblepas
 15382 | D:13     | You fall into a shaft and drop 1 floor!
 15385 | D:14     | Noticed Snorg
 15410 | D:14     | Noticed a centaur warrior
 15484 | D:14     | Killed a centaur warrior
 15566 | D:14     | Reached skill level 5 in Spellcasting
 15573 | D:14     | Noticed a centaur warrior
 15578 | D:14     | Reached ***** piety under Dithmenos
 15595 | D:14     | Killed a centaur warrior
 15742 | D:13     | Noticed a four-headed hydra
 15746 | D:13     | Killed a four-headed hydra
 15773 | D:13     | Noticed a centaur warrior
 15777 | D:13     | Killed a centaur warrior
 16095 | D:13     | Reached skill level 1 in Invocations
 16095 | D:13     | Reached skill level 1 in Evocations
 16170 | D:13     | Reached XP level 14. HP: 43/88 MP: 21/21
 16849 | D:14     | Noticed Agnes
 17242 | D:14     | Killed Snorg
 17465 | D:14     | Found a gate to the Vaults.
 17544 | D:14     | Noticed Louise
 17700 | Lair:1   | Entered Level 1 of the Lair of Beasts
 18049 | Lair:1   | Found a dark tunnel.
 18056 | Volcano  | Entered a volcano
 18124 | Volcano  | Reached skill level 5 in Evocations
 18575 | Lair:1   | Reached skill level 5 in Invocations
 19281 | Lair:2   | Noticed Urug
 19483 | Lair:2   | Found a staircase to the Snake Pit.
 19490 | Lair:2   | Noticed Nergalle
 19521 | Lair:2   | Killed Nergalle
 19558 | Lair:2   | Reached XP level 15. HP: 93/93 MP: 22/22
 19800 | Lair:2   | Killed Urug
 20808 | Lair:3   | Reached ****** piety under Dithmenos
 20955 | Lair:3   | Found a staircase to the Swamp.
 21407 | Lair:4   | Identified the +0 robe of the Circus Animal {-Tele Harm
                  | Str+4 Dex+4}
 21446 | Lair:4   | Found a frozen archway.
 21673 | Lair:4   | Found a staircase to the Slime Pits.
 22008 | IceCv    | Entered an ice cave
 22763 | IceCv    | Found the +8 frozen axe "Frostbite" {freeze, freezing
                  | cloud, *Noise Fly rC+}
 23769 | Lair:4   | Reached XP level 16. HP: 85/100 MP: 23/23
 23823 | Lair:5   | Entered Level 5 of the Lair of Beasts
 24469 | Lair:5   | Identified a scroll of acquirement
 24469 | Lair:5   | Acquired a +0 quick blade of holy wrath
 24731 | Lair:5   | Reached skill level 15 in Hexes
 24731 | Lair:5   | Reached XP level 17. HP: 106/106 MP: 24/24
 25018 | Lair:5   | Reached skill level 10 in Invocations
 25059 | Lair:5   | Found a large runed translucent door.
 25068 | Lair:5   | Found a large runed translucent door.
 26055 | Abyss:3  | Cast into level 3 of the Abyss (Louise)
 26076 | Abyss:3  | Found a corrupted altar of Lugonu.
 26128 | Abyss:3  | Reached skill level 15 in Dodging
 26246 | Abyss:3  | Noticed a tentacled starspawn
 26285 | Abyss:3  | Killed a tentacled starspawn
 26334 | Abyss:3  | Mangled by a cyan very ugly thing

Illustrated notes

Levels and vault maps discovered:
D:1:      minmay_arrival_up_and_down, layout_loops_corners,
          shapermc_ecumenical_altar_flowoftime
D:2:      layout_rooms
D:3:      layout_loops_corners, gammafunk_ghost_split, goddamned_bats
D:4:      layout_gridville, uniq_grinder
D:5:      layout_rooms, mainiacjoe_overflow_surrounded_room,
          minmay_crystal_water
D:6:      layout_cave_pods, mainiacjoe_overflow_catwalk,
          mainiacjoe_overflow_cross_hatched, kennysheep_windowed_goal
D:7:      layout_loops_ring, lemuel_crystal_altar, minmay_temple_entry_grid
D:8:      layout_loops_ring, enter_bailey_7, kennysheep_generic_room_13,
          uniq_maurice
D:9:      layout_stronghold, mainiacjoe_overflow_alcove_4
D:10:     layout_layer_cave, serial_shops, shop
D:11:     layout_loops_ring, erik_lair_dragon
D:12:     layout_irregular_city, orc_0_dummy, serial_shops, nicolae_diamond_shop
D:13:     layout_long_grid, solitary_fountain, kennysheep_generic_room_12
D:14:     layout_cave_pods, david_vaults_4, grunt_decor_resistance, uniq_agnes,
          uniq_snorg, uniq_louise
Temple:   minmay_crystal_spiral_temple
Lair:1:   layout_chaotic_city, nicolae_volcano_entry_two_sided,
          grunt_forest_stairs_basic, grunt_megastairs_5
Lair:2:   nzn_winding_woodlands_small [nzn_winding_woodlands_5x15_longhouse,
          nzn_winding_woodlands_center_pierced_h,
          nzn_winding_woodlands_5x15_concentric], layout_chaotic_city,
          guppyfry_snake_entry_island, grunt_forest_small_clearings, uniq_urug,
          uniq_nergalle
Lair:3:   layout_cave_pods, palyth_hydra_swamp_entry,
          infiniplex_staircase_pool_2
Lair:4:   layout_roguey, minmay_slime_entry_oklob_enclosed,
          portal_ice_cave_demonic_guard
Lair:5:   cheibrodos_lair_end_hotspot, layout_misc_corridors, serial_forest,
          infiniplex_forest_end_2, infiniplex_forest_end_2,
          infiniplex_forest_pool, infiniplex_forest_clump_small
Abyss:3:  base: D:7, evilmike_abyss_exit_kraken, hangedman_abyss_town,
          serial_sigils_hangedman_quiver, hangedman_abyss_or_decor_stagger

Skill      XL: |  1  2  3  4  5  6  7  8  9 10 11 12 13 14 15 16 17 |
---------------+----------------------------------------------------+-----
Short Blades   | 3 4 5 6 8 9 10 11 13 14 | 14.0
Dodging        | 2 3 4 6 7 8 11 12 13 14 15 | 15.6
Fighting       | 3 4 5 7 9 10 11 13 | 13.0
Stealth        | 6 7 9 10 11 14 15 | 15.0
Spellcasting   | 1 2 3 5 |  5.0
Hexes          | 1 2 4 6 7 9 10 12 13 14 15 | 15.0
Invocations    | 1 5 8 9 10 | 10.0
Evocations     | 1 5 |  5.0
Throwing       | |  2.1

Action                   |  1- 3 |  4- 6 |  7- 9 | 10-12 | 13-15 | 16-18 || total
-------------------------+-------+-------+-------+-------+-------+-------++-------
Melee: Dagger            |    54 |   143 |   498 |   686 |   257 |       ||  1638
       Punch             |       |     2 |     8 |    11 |    13 |     7 ||    41
       Rapier            |       |       |       |       |   670 |   490 ||  1160
Throw: Dart              |       |     9 |    16 |    41 |       |       ||    66
 Cast: Ensorcelled Hiber |       |       |    29 |   111 |   102 |    10 ||   252
       Confusing Touch   |       |       |       |     9 |    30 |     6 ||    45
Evoke: Wand              |       |       |       |    14 |    22 |     4 ||    40
  Use: Scroll            |       |     3 |     4 |     5 |    16 |     3 ||    31
       Potion            |       |       |     5 |       |       |     1 ||     6
 Stab: Sleeping          |    17 |    17 |    33 |   102 |   138 |    19 ||   326
       Distracted        |       |     2 |     2 |     3 |     1 |     2 ||    10
       Confused          |       |       |       |     8 |    34 |     2 ||    44
Armor: Robe              |     6 |    69 |    45 |       |       |       ||   120
       Steam dragon scal |       |       |    16 |    40 |       |       ||    56
       Acid dragon scale |       |       |       |    24 |     4 |     3 ||    31
       Troll leather arm |       |       |       |       |    61 |    22 ||    83
Dodge: Dodged            |    30 |   174 |   331 |   483 |   914 |   502 ||  2434
       Repelled          |       |       |       |     1 |     6 |    10 ||    17

Table legend: (Time is in decaauts)
 A = Elapsed time spent in this place.
 B = Non-inter-level travel time spent in this place.
 C = Inter-level travel time spent in this place.
 D = Time resting spent in this place.
 E = Time spent auto-exploring this place.
 F = Levels seen in this place.
 G = Mean time per level.
                   A        B        C        D        E       F      G
               +--------+--------+--------+--------+--------+-----+--------+
         Total |  25146 |  23661 |   1485 |   1736 |  15248 |  24 | 1047.8 |
       Dungeon |  16464 |  15354 |   1110 |   1143 |  10682 |  14 | 1176.0 |
        Temple |     42 |     24 |     18 |      0 |      0 |   1 |   42.0 |
          Lair |   6065 |   5709 |    356 |      0 |   4001 |   5 | 1213.0 |
         Abyss |    211 |    211 |      0 |     46 |      0 |   1 |  211.0 |
        Bailey |    957 |    957 |      0 |    352 |    186 |   1 |  957.0 |
      Ice Cave |   1063 |   1063 |      0 |    181 |    318 |   1 | 1063.0 |
       Volcano |    341 |    341 |      0 |     13 |     60 |   1 |  341.0 |
               +--------+--------+--------+--------+--------+-----+--------+

Top non-repeatable levels by time:
     D:9: 1618 daAuts
  Lair:5: 1524 daAuts
     D:7: 1445 daAuts
    D:11: 1358 daAuts
     D:4: 1321 daAuts
     D:8: 1281 daAuts
     D:3: 1233 daAuts
  Lair:4: 1229 daAuts
    D:13: 1211 daAuts
    D:10: 1203 daAuts
    D:12: 1161 daAuts
  Lair:2: 1161 daAuts
    D:14: 1150 daAuts
  Lair:1: 1077 daAuts
  Lair:3: 1073 daAuts
